AoeStats
← Párečkuss Maximus

Nomad

511057719Analyzed
3v3 RM · 6h ago on Oct 3, 2026· 33m 13s· 6 players
Game mode
Random Map
Map size
210×210
Population
200
Speed
Normal
Resources
Standard
Victory
Conquest
Starting age
Dark Age
Ending age
Imperial Age
RankedLock teamsTeams togetherTeam positionsShared explorationLock speedFull tech treeHidden civsTurbo modeCheats
Victory
Defeat
🇺🇸 Varangians · United States
898
+10
🇮🇳 Magyars · India
784
+15
🇺🇸 Huns · United States
607
+22
🇬🇧 Poles · United Kingdom
803
-18
🇨🇿 Lithuanians · Czechia
775
-40
🇮🇹 Goths · Italy
689
-13
Párečkuss Maximus
6:16 Loom
13:55 Feudal Age
14:20 Horse Collar
14:30 Double-Bit Axe
31:26 Castle Age
30:09 Scale Barding Armor
31:46 Bloodlines
Manic_Douche
3:47 Loom
15:34 Feudal Age
15:36 Man-at-Arms
iaba
3:33 Loom
15:13 Feudal Age
19:02 Double-Bit Axe
23:46 Castle Age
21:53 Stone Mining
23:00 Forging
22:51 Scale Mail Armor
22:16 Man-at-Arms
25:25 Iron Casting
25:06 Chain Mail Armor
24:14 Long Swordsman
24:55 Squires
26:25 Fishing Lines
32:23 Pikeman
blackjack6894
4:49 Loom
19:06 Feudal Age
19:41 Stone Mining
20:31 Wheelbarrow
19:42 Town Watch
19:47 Double-Bit Axe
19:46 Fishing Lines
23:25 Fletching
23:17 Man-at-Arms
24:06 Scale Barding Armor
24:05 Scale Mail Armor
24:16 Forging
31:32 Castle Age
32:11 Long Swordsman
commanderflufy0
16:40 Feudal Age
16:42 Man-at-Arms
17:59 Fishing Lines
18:56 Town Watch
20:20 Arson
22:10 Wheelbarrow
23:14 Forging
24:10 Gold Mining
26:58 Castle Age
25:18 Bloodlines
25:22 Double-Bit Axe
27:57 Husbandry
29:31 Gillnets
Bhramos
10:41 Loom
14:08 Feudal Age
16:49 Double-Bit Axe
21:55 Horse Collar
22:38 Bloodlines
23:14 Scale Barding Armor
27:40 Castle Age
29:46 Chain Barding Armor
30:03 Husbandry
Connection lost

Rejoining the realm…

Still unreachable

The connection could not be restored.

Session expired

The server has moved on; the page needs a fresh start.